 Dungeon Sprint DCSS version 0.27-a0-1149-g4505690ab0 (webtiles) character file.

Game seed: 12441744363073519005

398 fozzywoppz the Blocker (level 6, -7/56 HPs)
             Began as a Minotaur Fighter on May 13, 2021.
             Was a Follower of Okawaru.
             Mangled by a two-headed ogre
             ... wielding a +0 giant club
              (20 damage)
             ... in the Dungeon (Sprint IX: "|||||||||||||||||||||||||||||").
             The game lasted 00:01:08 (362 turns).

fozzywoppz the Blocker (Minotaur Fighter)            Turns: 362, Time: 00:01:10

Health: -7/56      AC:  9    Str: 26    XL:     6   Next: 53%
Magic:  5/5        EV:  9    Int:  8    God:    Okawaru [*.....]
Gold:   0          SH: 13    Dex:  9    Spells: 5/5 levels left

rFire    . . .     SeeInvis .   q - +1 broad axe (freeze)
rCold    . . .     Faith    .   c - +0 kite shield
rNeg     . . .     Spirit   .   p - +1 scale mail
rPois    .         Reflect  .   (helmet restricted)
rElec    .         Harm     .   b - +0 cloak
rCorr    .         Rampage  .   (no gloves)
Will     .....     NoTele   +   (no boots)
Stlth    ..........             (no amulet)
HPRegen  0.18/turn              n - +3 ring of intelligence
MPRegen  0.09/turn              o - +3 ring of strength

@: mighty
A: horns 2, retaliatory headbutt
a: Renounce Religion, Heroism


You were in the Dungeon.
You worshipped Okawaru.
Okawaru was aware of your devotion.
You visited 1 branch

Inventory:

Hand Weapons
 q - a +1 broad axe of freezing (weapon)
 r - a +2 scimitar of flaming
Armour
 b - a +0 cloak (worn)
 c - a +0 kite shield (worn)
 p - a +1 scale mail (worn)
Jewellery
 n - a +3 ring of intelligence (left hand)
 o - a +3 ring of strength (right hand)
Wands
 m - a wand of iceblast (10)
Scrolls
 j - 2 scrolls of blinking
 l - 2 scrolls of amnesia
Potions
 e - 5 potions of curing
 f - 3 potions of heal wounds
 g - a potion of haste
 h - 4 potions of magic
 i - a potion of berserk rage
 k - a potion of invisibility


   Skills:
 - Level 5.0 Fighting
 + Level 11.5 Axes
 - Level 5.0 Armour
 + Level 11.7 Shields


You had 5 spell levels left.
You didn't know any spells.
Your spell library was empty.

Dungeon Overview and Level Annotations

Branches:
Dungeon (1/1)

Altars:
Cheibriados
Dithmenos
Elyvilon
Fedhas
Gozag
Hepliaklqana
Kikubaaqudgha
Makhleb
Nemelex Xobeh
Okawaru
Qazlal
Ru
Sif Muna
Trog
Uskayaw
Vehumet
Wu Jian
Xom
Yredelemnul
Zin
The Shining One
Beogh
Jiyva
Lugonu


Innate Abilities, Weirdness & Mutations

You have a pair of horns on your head.
You reflexively headbutt those who attack you in melee.


Message History

You feel very mighty all of a sudden. The shadow barely misses you.
You hit the shadow.
The shadow is moderately damaged.
The shadow hits you.
You slice the shadow!!
You destroy the shadow!
Okawaru is honoured by your kill.
You can now gain great but temporary skills.
The wyvern bites you.
Your Axes skill gained 3 levels and is now at level 10!
Your Shields skill gained 3 levels and is now at level 10!
You have reached level 5!
You have reached level 6!
Your experience leads to an increase in your attributes!
Your base attributes are Str 22, Int 5, Dex 9.
Increase (S)trength, (I)ntelligence, or (D)exterity?
You feel stronger.
You slice the wyvern!! You freeze the wyvern.
You kill the wyvern!
Okawaru is honoured by your kill.
The centaur wields a +0 shortbow.
The centaur shoots an arrow.
The arrow hits you.
Your Axes skill increases to level 11!
Your Shields skill increases to level 11!
The two-headed ogre hits you with a +0 giant club!
You block the two-headed ogre's attack.
There is an open door to the Dungeon, spattered with blood here.
You hit the two-headed ogre. You freeze the two-headed ogre.
The two-headed ogre is lightly wounded.
The two-headed ogre hits you with a +0 giant club!
* * * LOW HITPOINT WARNING * * *
You block the two-headed ogre's attack.
You barely miss the two-headed ogre.
The two-headed ogre is lightly wounded.
You barely miss the two-headed ogre.
The two-headed ogre is lightly wounded.
You block the two-headed ogre's attack.
The two-headed ogre hits you with a +0 giant spiked club!!
You die...

▓.▓
▓)▓
▓.▓
▓.▓
▓[▓
▓)▓
▓.▓
▓.▓
▓@▓
▓O▓
▓c▓
▓.▓
▓Z▓
▓.▓
▓.▓
▓+▓


You could see a two-headed ogre, a centaur and an adder zombie.

Vanquished Creatures
  A shadow (D)
  A wyvern (D)
  A howler monkey (D)
  2 hounds (D)
  A gnoll (D)
  A dart slug (D)
  A ball python (D)
  A goblin (D)
  A jackal zombie (D)
  2 rats (D)
12 creatures vanquished.

Notes
Turn   | Place    | Note
-------+----------+-------------------------------------------
     0 | D        | fozzywoppz the Minotaur Fighter began the quest for the
                  | Orb.
     0 | D        | Reached XP level 1. HP: 19/19 MP: 0/0
   252 | D        | Noticed a hound
   252 | D        | Noticed a howler monkey
   252 | D        | Noticed a hound
   257 | D        | Reached XP level 2. HP: 27/28 MP: 1/1
   259 | D        | Reached skill level 5 in Fighting
   259 | D        | Reached skill level 5 in Axes
   259 | D        | Reached skill level 5 in Armour
   259 | D        | Reached skill level 5 in Shields
   259 | D        | Reached XP level 3. HP: 34/36 MP: 2/2
   262 | D        | Reached XP level 4. HP: 36/42 MP: 3/3
   272 | D        | Found a snail-covered altar of Cheibriados.
   272 | D        | Found a shadowy altar of Dithmenos.
   272 | D        | Found a white marble altar of Elyvilon.
   272 | D        | Found a blossoming altar of Fedhas.
   272 | D        | Found an opulent altar of Gozag.
   273 | D        | Found a hazy altar of Hepliaklqana.
   274 | D        | Found a viscous altar of Jiyva.
   275 | D        | Found an ancient bone altar of Kikubaaqudgha.
   276 | D        | Found a corrupted altar of Lugonu.
   277 | D        | Found a burning altar of Makhleb.
   278 | D        | Found a sparkling altar of Nemelex Xobeh.
   279 | D        | Found an iron altar of Okawaru.
   280 | D        | Found a stormy altar of Qazlal.
   281 | D        | Found a sacrificial altar of Ru.
   282 | D        | Found a shimmering blue altar of Sif Muna.
   283 | D        | Found a bloodstained altar of Trog.
   284 | D        | Found a hide-covered altar of Uskayaw.
   285 | D        | Found a radiant altar of Vehumet.
   286 | D        | Found an ornate altar of the Wu Jian Council.
   287 | D        | Became a worshipper of Warmaster Okawaru
   288 | D        | Found a shimmering altar of Xom.
   289 | D        | Found a basalt altar of Yredelemnul.
   290 | D        | Found a glowing silver altar of Zin.
   291 | D        | Found a glowing golden altar of the Shining One.
   352 | D        | Noticed a shadow
   352 | D        | Noticed a wyvern
   352 | D        | Noticed a centaur
   352 | D        | Noticed a two-headed ogre
   352 | D        | Noticed a shadow
   357 | D        | Killed a shadow
   357 | D        | Reached * piety under Okawaru
   358 | D        | Reached skill level 10 in Axes
   358 | D        | Reached skill level 10 in Shields
   358 | D        | Reached XP level 5. HP: 44/48 MP: 4/4
   358 | D        | Reached XP level 6. HP: 51/56 MP: 5/5
   358 | D        | Killed a wyvern
   362 | D        | Mangled by a two-headed ogre

Illustrated notes

Levels and vault maps discovered:
D:        linesprint [early_d, line_temple, items_1, d_10, items_2, lair_1,
          lair_end, items_3, orc_1, orc_end, items_4, d_15, swamp_1, shoals_1,
          snake_1, spider_1, d_20, vaults_1, items_5, swamp_end, shoals_end,
          snake_end, spider_end, vaults_end, d_27, items_6, zot_1, zot_end,
          crypt_end, forest_end, elf_end, slime_end, tomb_end, abyss_end,
          pan_hell_end]

Skill      XL: |  1  2  3  4  5  6 |
---------------+-------------------+-----
Fighting       | 4 5 |  5.0
Armour         | 4 5 |  5.0
Shields        | 4 5 7 10 11 | 11.7
Axes           | 3 5 6 10 11 | 11.5

Action                   |  1- 3 |  4- 6 || total
-------------------------+-------+-------++-------
Melee: War axe           |    20 |     5 ||    25
       Headbutt          |     3 |     2 ||     5
       Broad axe         |       |     8 ||     8
  Use: Potion            |       |     1 ||     1
Armor: Scale mail        |     7 |     3 ||    10
Dodge: Dodged            |     5 |     2 ||     7
Block: Kite shield       |     6 |     5 ||    11

Table legend: (Time is in decaauts)
 A = Elapsed time spent in this place.
 B = Non-inter-level travel time spent in this place.
 C = Inter-level travel time spent in this place.
 D = Time resting spent in this place.
 E = Time spent auto-exploring this place.
 F = Levels seen in this place.
 G = Mean time per level.
                   A        B        C        D        E       F      G
               +--------+--------+--------+--------+--------+-----+--------+
         Total |    375 |    375 |      0 |    230 |      0 |   1 |  375.0 |
       Dungeon |    375 |    375 |      0 |    230 |      0 |   1 |  375.0 |
               +--------+--------+--------+--------+--------+-----+--------+

Top non-repeatable levels by time:
       D: 375 daAuts
